 Dungeon Crawl Stone Soup version 0.30-a0-169-g06f667207d (webtiles) character file.

Game seed: 1984768047083386165

11027 qw the Cleaver (level 11, -8/68 HPs)
             Began as a Gargoyle Fighter on Sept 30, 2022.
             Was an Elder of Okawaru.
             Headbutted by a minotaur (14 damage)
             ... in a Gauntlet.
             The game lasted 00:05:38 (12545 turns).

qw the Cleaver (Gargoyle Fighter)                  Turns: 12545, Time: 00:05:39

Health: -8/68      AC: 28    Str: 24    XL:     11   Next: 71%
Magic:  10/16      EV:  8    Int: 12    God:    Okawaru [****..]
Gold:   716        SH: 16    Dex:  8    Spells: 10/10 levels left

rFire   . . .      SeeInvis .    Y - +1 war axe
rCold   . . .      Faith    .    j - +0 kite shield
rNeg    + + .      Spirit   .    p - +0 plate armour
rPois   inf        Reflect  +    c - +1 hat {Will+}
rElec   +          Harm     .    (no cloak)
rCorr   +          Rampage  .    e - +0 pair of gloves
Will    +....      NoTele   +    h - +1 pair of boots
Stlth   ..........               q - amulet of reflection
HPRegen 0.21/turn                n - ring of resist corrosion
MPRegen 0.15/turn                k - ring of positive energy

@: heroic, finesse-ful
A: sickness immunity, AC +8, negative energy resistance 1, electricity
resistance, torment resistance 1, petrification resistance, clever 1
a: Renounce Religion, Heroism, Finesse


You were in a Gauntlet.
You worshipped Okawaru.
Okawaru was greatly pleased with you.
You visited 3 branches of the dungeon, and saw 11 of its levels.
You also visited: Gauntlet.

You collected 768 gold pieces.
You spent 52 gold pieces at shops.


Innate Abilities, Weirdness & Mutations

You are immune to sickness and miasma.
Your stone body is resilient. (AC +8)
You are immune to poison.
You resist negative energy. (rN+)
You are resistant to electric shocks. (rElec)
You are resistant to unholy torment.
You are immune to petrification.
Your mind is acute. (Int +4, Str/Dex -1)


   Skills:
 - Level 8.0(13.0) Fighting
 + Level 10.6(15.6) Axes
 - Level 3.3(8.3) Throwing
 - Level 7.4(12.4) Armour
 - Level 1.4(6.4) Dodging
 - Level 9.0(14.0) Shields
 + Level 7.4 Invocations


You had 10 spell levels left.
You didn't know any spells.
Your spell library was empty.

Inventory:

Hand Weapons
 g - a +0 morningstar
 Y - a +1 war axe (weapon)
Missiles
 s - 3 javelins (quivered)
 t - 4 boomerangs
Armour
 c - a +1 hat of willpower (worn)
 e - a +0 pair of gloves (worn)
 h - a +1 pair of boots (worn)
 j - a +0 kite shield (worn)
 p - a +0 plate armour (worn)
Jewellery
 k - a ring of positive energy (right hand)
 n - a ring of resist corrosion (left hand)
 q - an amulet of reflection (around neck)
Scrolls
 a - 7 scrolls of teleportation
 l - 2 scrolls of identify
Potions
 b - a potion of cancellation
 d - a potion of might
 f - 4 potions of curing
 i - 2 potions of lignification
 m - a potion of haste
 o - a potion of magic
 r - a potion of mutation

Dungeon Overview and Level Annotations

Branches:
Dungeon (8/15)             Temple (1/1) D:5            Lair (2/5) D:8
Gauntlet (1/1)
  Swamp: Lair:2-3    Shoals: Lair:2-3     Snake: Lair:2-3    Spider: Lair:2-3

Altars:
Ashenzari
Cheibriados
Dithmenos
Elyvilon
Fedhas
Gozag
Hepliaklqana
Kikubaaqudgha
Makhleb
Nemelex Xobeh
Okawaru
Qazlal
Ru
Sif Muna
Trog
Uskayaw
Vehumet
Wu Jian
Xom
Yredelemnul
Zin
The Shining One

Shops:
D:4 (   D:5 :=

Annotations:
D:3 2 transporters
D:7 1 runed translucent door, qw's ghost, novice GrFi Gauntlet 10 transporters, 21 runed translucent doors


Message History

You slash the minotaur!
The minotaur is moderately wounded.
You hit the minotaur but do no damage.
The minotaur is moderately wounded.
You hit the minotaur.
The minotaur is moderately wounded.
You block the minotaur's attack. x2
You barely miss the minotaur.
The minotaur is moderately wounded.
You hit the minotaur.
The minotaur is moderately wounded.
You block the minotaur's attack. x2
You hit the minotaur but do no damage.
The minotaur is moderately wounded.
You barely miss the minotaur.
The minotaur furiously retaliates!
The minotaur headbutts you, but does no damage.
The minotaur is moderately wounded.
You block the minotaur's attack. The minotaur gores you.
You hit the minotaur but do no damage.
The minotaur is moderately wounded.
You hit the minotaur but do no damage.
The minotaur is moderately wounded.
You hit the minotaur but do no damage.
The minotaur is moderately wounded.
The minotaur hits you with the +8 broad axe of the Battered Curses {flame, rElec}!
The minotaur burns you. The minotaur gores you.
You barely miss the minotaur.
The minotaur furiously retaliates!
The minotaur headbutts you, but does no damage.
The minotaur is moderately wounded.
You hit the minotaur but do no damage.
The minotaur is moderately wounded.
The minotaur hits you with the +8 broad axe of the Battered Curses {flame, rElec}.
The minotaur burns you. The minotaur gores you.
You hit the minotaur.
The minotaur is moderately wounded.
You barely miss the minotaur.
The minotaur is moderately wounded.
You completely miss the minotaur.
The minotaur furiously retaliates!
The minotaur headbutts you!
You die...

#..#.#.. ###
#...#..#..## #..
#.8.####.#.. #.#
.##.....^#.#.. #.#
...8.####..## #
#.##.##...#..#B..G #~
#.#....##.8.#..#####
#~~.#.#.##.##...#~......
#~\...H@##....8.#\......
#~~.#.#.##.##...#~......
# # #....##.8.#..#####
#.##.##...#..#..".
#.##....8.####....
#.##.##.....^#....
#....##.8.####....
#######...#..#....
#~8~#..#....


You could see a minotaur.

Vanquished Creatures
  A hydra (Gauntlet)
  Pikel (D:7)
  Joseph (D:7)
  A smoke demon (Gauntlet)
  A torpor snail (Gauntlet)
  A red devil (Gauntlet)
  4 komodo dragons
  A hornet (D:8)
  Prince Ribbit (D:6)
  A raiju (Gauntlet)
  12 yaks (Lair:1)
  Grum (Lair:1)
  A basilisk (Lair:1)
  2 steam dragons
  9 water moccasins
  An orc warrior (D:6)
  3 black bears
  2 sky beasts (D:7)
  2 ogres
  3 wolves (Lair:1)
  A lemure (D:7)
  A phantom (D:7)
  A kobold brigand (D:7)
  12 bullfrogs
  4 scorpions
  3 gnoll sergeants
  8 wights
  A howler monkey (D:7)
  4 crimson imps (Gauntlet)
  4 orc priests
  A gnoll bouda (D:8)
  5 hounds
  A jelly (D:5)
  Terence (D:3)
  2 iguanas (D:4)
  3 orc wizards
  A lightning spire (Gauntlet)
  A mummy (D:5)
  11 adders
  27 gnolls
  A shadow imp (D:5)
  3 ufetubi
  6 worms
  4 dart slugs
  30 orcs
  5 bats
  11 endoplasms
  8 giant cockroaches
  7 goblins
  11 hobgoblins
  9 jackals
  4 quokkas
  7 ball pythons
  4 frilled lizards
  12 kobolds
  3 rats
266 creatures vanquished.

Vanquished Creatures (others)
  An orc wizard (D:4)
  13 fungi
  38 plants
52 creatures vanquished.

Grand Total: 318 creatures vanquished

Notes
Turn   | Place    | Note
-------+----------+-------------------------------------------
     0 | D:1      | qw the Gargoyle Fighter began the quest for the Orb.
     0 | D:1      | Reached XP level 1. HP: 14/14 MP: 1/1
     0 | D:1      | 0 ||| qw: Version: 0.2-a-12-gaebbb33
     0 | D:1      | 0 ||| qw: Game counter: 1405
     0 | D:1      | 0 ||| qw: Always use a shield: true
     0 | D:1      | 0 ||| qw: God list: Okawaru
     0 | D:1      | 0 ||| qw: Allow faded altars: false
     0 | D:1      | 0 ||| qw: Do Orc after D:15 true
     0 | D:1      | 0 ||| qw: Do second Lair branch before Depths: true
     0 | D:1      | 0 ||| qw: Lair rune preference: random
     0 | D:1      | 0 ||| qw: Plans: Normal, Zot:1-4, God:TSO, Crypt, Tomb,
                  | Pan, Slime:5, Hells, Abyss, Orb
     0 | D:1      | 0 ||| PLANNING D:1-11
    68 | D:1      | Reached skill level 2 in Axes
   143 | D:1      | Reached XP level 2. HP: 12/19 MP: 2/2
   259 | D:1      | 259 ||| Stepping ~*~*~tactically~*~*~ (stealth).
   559 | D:1      | Reached skill level 3 in Axes
   566 | D:1      | Reached XP level 3. HP: 21/23 MP: 3/3
   595 | D:1      | Found a faded altar of an unknown god.
   735 | D:1      | 735 ||| Stepping ~*~*~tactically~*~*~ (stealth).
   738 | D:1      | 738 ||| Stepping ~*~*~tactically~*~*~ (stealth).
   788 | D:1      | 788 ||| Stepping ~*~*~tactically~*~*~ (stealth).
   789 | D:1      | 789 ||| Stepping ~*~*~tactically~*~*~ (stealth).
   790 | D:1      | 790 ||| Stepping ~*~*~tactically~*~*~ (stealth).
   791 | D:1      | 791 ||| Stepping ~*~*~tactically~*~*~ (stealth).
   792 | D:1      | 792 ||| Stepping ~*~*~tactically~*~*~ (stealth).
   793 | D:1      | 793 ||| Stepping ~*~*~tactically~*~*~ (stealth).
  1027 | D:1      | 1027 ||| Stepping ~*~*~tactically~*~*~ (stealth).
  1066 | D:1      | 1066 ||| Stepping ~*~*~tactically~*~*~ (hiding).
  1266 | D:1      | 1266 ||| DROPPING orb of mayhem.
  1267 | D:1      | 1267 ||| UPGRADING to +0 pair of boots.
  1272 | D:1      | 1272 ||| READING 3 scrolls labelled OLYRUMPOIQ.
  1273 | D:1      | 1273 ||| READING 2 scrolls labelled KAIM HUBAV.
  1274 | D:1      | 1274 ||| READING scroll labelled YTZONIS DOST.
  1275 | D:1      | 1275 ||| READING scroll labelled AHUIMU DYECI.
  1276 | D:1      | 1276 ||| READING scroll labelled TAIL AKUDEU.
  1277 | D:1      | 1277 ||| DRINKING 2 sedimented green potions.
  1278 | D:1      | 1278 ||| DRINKING 2 viscous dark potions.
  1279 | D:1      | 1279 ||| DRINKING 2 emerald potions.
  1329 | D:1      | 1329 ||| DROPPING 2 scrolls of fog.
  1330 | D:1      | 1330 ||| DROPPING potion of invisibility.
  1438 | D:2      | Reached XP level 4. HP: 28/28 MP: 4/4
  1495 | D:2      | Reached skill level 4 in Axes
  1509 | D:2      | 1509 ||| Stepping ~*~*~tactically~*~*~ (stealth).
  1514 | D:2      | Found a white marble altar of Elyvilon.
  1661 | D:2      | 1661 ||| FLEEEEING.
  2231 | D:2      | 2231 ||| READING scroll labelled QYENUT NAIRCH.
  2235 | D:2      | 2235 ||| DRINKING 2 viscous cyan potions.
  2290 | D:3      | Reached XP level 5. HP: 32/32 MP: 5/5
  2411 | D:3      | 2411 ||| DROPPING +0 whip.
  2452 | D:3      | Reached skill level 5 in Axes
  2522 | D:3      | Found a transporter.
  2530 | D:3      | 2530 ||| Stepping ~*~*~tactically~*~*~ (hiding).
  2541 | D:3      | HP: 7/33 [orc/+0 trident (4)]
  2542 | D:3      | 2542 ||| READING scroll of teleportation.
  2543 | D:3      | 2543 ||| DRINKING potion of heal wounds.
  2776 | D:3      | Found a transporter.
  2966 | D:3      | Reached XP level 6. HP: 38/38 MP: 6/6
  2966 | D:3      | Noticed Terence
  2976 | D:3      | Killed Terence
  2977 | D:3      | Reached skill level 1 in Dodging
  3460 | D:3      | 3460 ||| Stepping ~*~*~tactically~*~*~ (stealth).
  3471 | D:3      | 3471 ||| DROPPING scarf of shadows.
  3472 | D:3      | 3472 ||| UPGRADING to +0 chain mail.
  3483 | D:3      | 3483 ||| FLEEEEING.
  3484 | D:3      | 3484 ||| FLEEEEING.
  3485 | D:3      | 3485 ||| FLEEEEING.
  3486 | D:3      | 3486 ||| FLEEEEING.
  3487 | D:3      | 3487 ||| FLEEEEING.
  3488 | D:3      | 3488 ||| FLEEEEING.
  3489 | D:3      | 3489 ||| FLEEEEING.
  3490 | D:3      | 3490 ||| FLEEEEING.
  3491 | D:3      | 3491 ||| FLEEEEING.
  3492 | D:3      | 3492 ||| FLEEEEING.
  3493 | D:3      | 3493 ||| FLEEEEING.
  3494 | D:3      | 3494 ||| FLEEEEING.
  3495 | D:3      | 3495 ||| FLEEEEING.
  3496 | D:3      | 3496 ||| FLEEEEING.
  3497 | D:3      | 3497 ||| FLEEEEING.
  3498 | D:3      | 3498 ||| FLEEEEING.
  3500 | D:3      | 3500 ||| FLEEEEING.
  3501 | D:3      | 3501 ||| FLEEEEING.
  3533 | D:3      | 3533 ||| DROPPING +0 scale mail.
  3566 | D:3      | 3566 ||| UPGRADING to ring of resist corrosion.
  3567 | D:3      | 3567 ||| READING scroll labelled KABEIFU UFEER.
  3568 | D:3      | 3568 ||| READING 2 scrolls of identify.
  3568 | D:3      | 3568 ||| IDENTIFYING amethyst potion
  3569 | D:3      | 3569 ||| DROPPING potion of berserk rage.
  3570 | D:3      | 3570 ||| READING scroll of teleportation.
  3696 | D:3      | 3696 ||| Stepping randomly (stuck).
  3697 | D:3      | 3697 ||| Stepping randomly (stuck).
  3699 | D:3      | 3699 ||| Stepping randomly (stuck).
  3700 | D:3      | 3700 ||| Stepping randomly (stuck).
  3701 | D:3      | 3701 ||| Stepping randomly (stuck).
  3702 | D:3      | 3702 ||| Stepping randomly (stuck).
  3703 | D:3      | 3703 ||| Stepping randomly (stuck).
  3704 | D:3      | 3704 ||| Stepping randomly (stuck).
  3705 | D:3      | 3705 ||| Stepping randomly (stuck).
  3707 | D:3      | 3707 ||| Stepping randomly (stuck).
  3708 | D:3      | 3708 ||| Stepping randomly (stuck).
  3709 | D:3      | 3709 ||| Stepping randomly (stuck).
  3710 | D:3      | 3710 ||| Stepping randomly (stuck).
  3711 | D:3      | 3711 ||| Stepping randomly (stuck).
  3717 | D:3      | 3717 ||| Stepping randomly (stuck).
  3718 | D:3      | 3718 ||| Stepping randomly (stuck).
  3719 | D:3      | 3719 ||| Stepping randomly (stuck).
  3720 | D:3      | 3720 ||| Stepping randomly (stuck).
  3721 | D:3      | 3721 ||| Stepping randomly (stuck).
  3723 | D:3      | 3723 ||| Stepping randomly (stuck).
  3724 | D:3      | 3724 ||| Stepping randomly (stuck).
  3725 | D:3      | 3725 ||| Stepping randomly (stuck).
  3727 | D:3      | 3727 ||| Stepping randomly (stuck).
  3729 | D:3      | 3729 ||| Stepping randomly (stuck).
  3730 | D:3      | 3730 ||| Stepping randomly (stuck).
  3731 | D:3      | 3731 ||| Stepping randomly (stuck).
  3732 | D:3      | 3732 ||| Stepping randomly (stuck).
  3737 | D:3      | 3737 ||| Stepping randomly (stuck).
  3738 | D:3      | 3738 ||| Stepping randomly (stuck).
  3739 | D:3      | 3739 ||| Stepping randomly (stuck).
  3740 | D:3      | 3740 ||| Stepping randomly (stuck).
  3741 | D:3      | 3741 ||| Stepping randomly (stuck).
  3742 | D:3      | 3742 ||| Stepping randomly (stuck).
  3745 | D:3      | 3745 ||| Stepping ~*~*~tactically~*~*~ (hiding).
  3892 | D:3      | 3892 ||| READING scroll labelled QETEXI LITONEGH.
  3893 | D:3      | 3893 ||| Stepping randomly (stuck).
  3895 | D:3      | 3895 ||| Stepping randomly (stuck).
  3896 | D:3      | 3896 ||| Stepping randomly (stuck).
  3899 | D:3      | 3899 ||| Stepping randomly (stuck).
  3901 | D:3      | 3901 ||| Stepping randomly (stuck).
  3903 | D:3      | 3903 ||| Stepping randomly (stuck).
  3904 | D:3      | 3904 ||| Stepping randomly (stuck).
  3908 | D:3      | 3908 ||| Stepping randomly (stuck).
  3909 | D:3      | 3909 ||| Stepping randomly (stuck).
  3912 | D:3      | 3912 ||| Stepping randomly (stuck).
  3914 | D:3      | 3914 ||| Stepping randomly (stuck).
  3915 | D:3      | 3915 ||| Stepping randomly (stuck).
  3917 | D:3      | 3917 ||| Stepping randomly (stuck).
  3918 | D:3      | 3918 ||| Stepping randomly (stuck).
  3920 | D:3      | 3920 ||| Stepping randomly (stuck).
  3921 | D:3      | 3921 ||| Stepping randomly (stuck).
  3922 | D:3      | 3922 ||| Stepping randomly (stuck).
  4174 | D:4      | 4174 ||| Stepping ~*~*~tactically~*~*~ (stealth).
  4177 | D:4      | 4177 ||| STAIRDANCE
  4180 | D:3      | 4180 ||| DRINKING 2 red potions.
  4181 | D:3      | 4181 ||| DROPPING potion of degeneration.
  4185 | D:4      | 4185 ||| STAIRDANCE
  4191 | D:3      | Reached skill level 6 in Axes
  4191 | D:3      | Reached XP level 7. HP: 43/43 MP: 7/7
  4193 | D:4      | 4193 ||| Stepping ~*~*~tactically~*~*~ (stealth).
  4212 | D:4      | 4212 ||| Stepping ~*~*~tactically~*~*~ (stealth).
  4281 | D:4      | Found Kilaa's Weapon Shoppe.
  4301 | D:4      | 4301 ||| BUYING +0 morningstar (52 gold).
  4301 | D:4      | Bought a +0 morningstar for 52 gold pieces
  4301 | D:4      | 4301 ||| DROPPING +0 flail.
  4793 | D:4      | 4793 ||| Stepping ~*~*~tactically~*~*~ (stealth).
  4801 | D:4      | Reached skill level 7 in Axes
  4925 | D:4      | 4925 ||| READING scroll of enchant armour.
  4925 | D:4      | 4925 ||| ENCHANTING +0 pair of boots.
  4988 | D:4      | 4988 ||| Stepping ~*~*~tactically~*~*~ (stealth).
  5062 | D:4      | 5062 ||| UPGRADING to +0 pair of gloves.
  5067 | D:4      | 5067 ||| READING scroll labelled ZESOEKEALOD.
  5068 | D:4      | 5068 ||| READING scroll labelled SICVOM VIOSMAD.
  5140 | D:5      | Entered Level 5 of the Dungeon
  5141 | D:5      | 5141 ||| PLANNING OSSUARY
  5161 | D:5      | Found a sand-covered staircase.
  5180 | D:5      | 5180 ||| FLEEEEING.
  5181 | D:5      | 5181 ||| FLEEEEING.
  5182 | D:5      | 5182 ||| FLEEEEING.
  5183 | D:5      | 5183 ||| FLEEEEING.
  5184 | D:5      | 5184 ||| FLEEEEING.
  5185 | D:5      | 5185 ||| STAIRDANCE
  5196 | D:5      | 5196 ||| STAIRDANCE
  5333 | D:5      | 5333 ||| STAIRDANCE
  5337 | D:5      | 5337 ||| STAIRDANCE
  5341 | D:5      | 5341 ||| STAIRDANCE
  5345 | D:5      | 5345 ||| STAIRDANCE
  5349 | D:5      | 5349 ||| STAIRDANCE
  5353 | D:5      | 5353 ||| STAIRDANCE
  5357 | D:5      | 5357 ||| STAIRDANCE
  5361 | D:5      | 5361 ||| STAIRDANCE
  5365 | D:5      | 5365 ||| STAIRDANCE
  5369 | D:5      | 5369 ||| STAIRDANCE
  5373 | D:5      | 5373 ||| STAIRDANCE
  5377 | D:5      | 5377 ||| STAIRDANCE
  5381 | D:5      | 5381 ||| STAIRDANCE
  5385 | D:5      | 5385 ||| STAIRDANCE
  5389 | D:5      | 5389 ||| STAIRDANCE
  5393 | D:5      | 5393 ||| STAIRDANCE
  5397 | D:5      | 5397 ||| STAIRDANCE
  5401 | D:5      | 5401 ||| STAIRDANCE
  5455 | D:5      | Found a staircase to the Ecumenical Temple.
  5474 | D:5      | Reached XP level 8. HP: 49/49 MP: 8/8
  5621 | D:5      | Found Estagu Wodeo's Jewellery Emporium.
  5638 | D:5      | 5638 ||| SHOPLISTING +4 ring of protection (396 gold, have
                  | 280).
  5638 | D:5      | 5638 ||| SHOPLISTING +6 ring of strength (396 gold, have
                  | 280).
  5638 | D:5      | 5638 ||| SHOPLISTING amulet of guardian spirit (330 gold,
                  | have 280).
  5638 | D:5      | 5638 ||| SHOPLISTING amulet of reflection (330 gold, have
                  | 280).
  5638 | D:5      | 5638 ||| SHOPLISTING ring "Dohun" {rF+ rC- rN++ rCorr} (412
                  | gold, have 280).
  5670 | D:5      | 5670 ||| Stepping ~*~*~tactically~*~*~ (stealth).
  5743 | D:5      | Found Dieh's Book Shoppe.
  5846 | D:5      | Found a snail-covered altar of Cheibriados.
  5847 | D:5      | 5847 ||| FLEEEEING.
  5875 | D:5      | 5875 ||| RIP OSSUARY
  5891 | D:5      | 5891 ||| PLANNING TEMPLE
  6028 | Temple   | Entered the Ecumenical Temple
  6028 | Temple   | Found a transporter.
  6028 | Temple   | Found a transporter.
  6030 | Temple   | Found a transporter.
  6030 | Temple   | Found a transporter.
  6040 | Temple   | 6040 ||| PLANNING D:1-11
  6309 | D:5      | Found an iron altar of Okawaru.
  6309 | D:5      | Found a bloodstained altar of Trog.
  6310 | D:5      | 6310 ||| PLANNING OKAWARU WORSHIP
  6310 | D:5      | 6310 ||| FLEEEEING.
  6311 | D:5      | 6311 ||| FLEEEEING.
  6313 | D:5      | 6313 ||| FLEEEEING.
  6314 | D:5      | 6314 ||| FLEEEEING.
  6316 | D:5      | 6316 ||| FLEEEEING.
  6317 | D:5      | 6317 ||| FLEEEEING.
  6319 | D:5      | 6319 ||| FLEEEEING.
  6320 | D:5      | 6320 ||| FLEEEEING.
  6321 | D:5      | 6321 ||| FLEEEEING.
  6322 | D:5      | 6322 ||| FLEEEEING.
  6323 | D:5      | 6323 ||| FLEEEEING.
  6326 | D:5      | 6326 ||| FLEEEEING.
  6327 | D:5      | 6327 ||| FLEEEEING.
  6329 | D:5      | 6329 ||| FLEEEEING.
  6330 | D:5      | 6330 ||| FLEEEEING.
  6331 | D:5      | 6331 ||| FLEEEEING.
  6333 | D:5      | 6333 ||| FLEEEEING.
  6334 | D:5      | 6334 ||| FLEEEEING.
  6335 | D:5      | 6335 ||| FLEEEEING.
  6341 | D:5      | 6341 ||| FLEEEEING.
  6342 | D:5      | 6342 ||| FLEEEEING.
  6343 | D:5      | 6343 ||| FLEEEEING.
  6344 | D:5      | 6344 ||| FLEEEEING.
  6345 | D:5      | 6345 ||| FLEEEEING.
  6513 | D:5      | Became a worshipper of Warmaster Okawaru
  6514 | D:5      | 6514 ||| PLANNING D:1-11
  6646 | D:6      | 6646 ||| FLEEEEING.
  6647 | D:6      | 6647 ||| FLEEEEING.
  6648 | D:6      | 6648 ||| FLEEEEING.
  6649 | D:6      | 6649 ||| STAIRDANCE
  6859 | D:6      | Reached skill level 8 in Axes
  6869 | D:6      | 6869 ||| Stepping ~*~*~tactically~*~*~ (stealth).
  6875 | D:6      | 6875 ||| Stepping ~*~*~tactically~*~*~ (stealth).
  6899 | D:6      | Reached skill level 6 in Fighting
  6965 | D:6      | 6965 ||| Stepping ~*~*~tactically~*~*~ (stealth).
  6966 | D:6      | 6966 ||| Stepping ~*~*~tactically~*~*~ (stealth).
  6976 | D:6      | Noticed Prince Ribbit
  6983 | D:6      | Reached * piety under Okawaru
  6984 | D:6      | 6984 ||| INVOKING Heroism.
  6985 | D:6      | 6985 ||| INVOKING Heroism.
  6996 | D:6      | 6996 ||| INVOKING Heroism.
  6997 | D:6      | 6997 ||| INVOKING Heroism.
  7007 | D:6      | 7007 ||| INVOKING Heroism.
  7008 | D:6      | Killed Prince Ribbit
  7009 | D:6      | Reached skill level 9 in Axes
  7009 | D:6      | Reached XP level 9. HP: 42/55 MP: 4/9
  7184 | D:6      | 7184 ||| INVOKING Heroism.
  7193 | D:6      | Reached skill level 1 in Invocations
  7354 | D:6      | 7354 ||| Stepping ~*~*~tactically~*~*~ (stealth).
  7356 | D:6      | 7356 ||| Stepping ~*~*~tactically~*~*~ (hiding).
  7360 | D:6      | 7360 ||| INVOKING Heroism.
  7361 | D:6      | 7361 ||| Stepping ~*~*~tactically~*~*~ (cloud).
  7368 | D:6      | 7368 ||| Stepping ~*~*~tactically~*~*~ (cloud).
  7369 | D:6      | 7369 ||| Stepping ~*~*~tactically~*~*~ (cloud).
  7370 | D:6      | 7370 ||| Stepping ~*~*~tactically~*~*~ (cloud).
  7530 | D:6      | 7530 ||| UPGRADING to +0 kite shield.
  7540 | D:6      | 7540 ||| DROPPING +0 buckler.
  7541 | D:6      | 7541 ||| UPGRADING to +0 plate armour.
  7551 | D:6      | 7551 ||| DROPPING +0 chain mail.
  7552 | D:6      | 7552 ||| UPGRADING to amulet of reflection.
  7557 | D:6      | 7557 ||| READING 2 scrolls of identify.
  7557 | D:6      | 7557 ||| IDENTIFYING sedimented pink potion
  7558 | D:6      | 7558 ||| DROPPING potion of ambrosia.
  7589 | D:7      | 7589 ||| STAIRDANCE
  7628 | D:7      | 7628 ||| STAIRDANCE
  7805 | D:7      | 7805 ||| INVOKING Heroism.
  8025 | D:7      | 8025 ||| INVOKING Heroism.
  8032 | D:7      | Reached skill level 3 in Invocations
  8032 | D:7      | 8032 ||| Stepping ~*~*~tactically~*~*~ (cloud).
  8114 | D:7      | Reached ** piety under Okawaru
  8255 | D:7      | Noticed Joseph
  8256 | D:7      | 8256 ||| Stepping ~*~*~tactically~*~*~ (hiding).
  8270 | D:7      | 8270 ||| INVOKING Heroism.
  8282 | D:7      | Killed Joseph
  8403 | D:7      | Found a runed translucent door.
  8403 | D:7      | Noticed qw's ghost (novice GrFi)
  8681 | D:7      | Reached XP level 10. HP: 60/60 MP: 13/13
  8739 | D:7      | Noticed Pikel
  8740 | D:7      | 8740 ||| Stepping ~*~*~tactically~*~*~ (hiding).
  8748 | D:7      | 8748 ||| Stepping ~*~*~tactically~*~*~ (stealth).
  8750 | D:7      | 8750 ||| INVOKING Heroism.
  8756 | D:7      | Killed Pikel
  8756 | D:7      | Reached *** piety under Okawaru
  8814 | D:7      | 8814 ||| Stepping ~*~*~tactically~*~*~ (hiding).
  8998 | D:7      | 8998 ||| UPGRADING to ring of positive energy.
  8999 | D:7      | 8999 ||| DRINKING 2 purple potions.
  9000 | D:7      | 9000 ||| DRINKING 2 viscous ruby potions.
  9000 | D:7      | Gained mutation: Your mind is acute. (Int +4, Str/Dex -1)
                  | [potion of mutation]
  9099 | D:8      | 9099 ||| INVOKING Heroism.
  9102 | D:8      | Reached skill level 6 in Armour
  9346 | D:8      | 9346 ||| INVOKING Heroism.
  9438 | D:8      | 9438 ||| INVOKING Heroism.
  9453 | D:8      | Reached skill level 9 in Shields
  9464 | D:8      | 9464 ||| INVOKING Heroism.
  9632 | D:8      | 9632 ||| Stepping ~*~*~tactically~*~*~ (hiding).
  9638 | D:8      | 9638 ||| Stepping ~*~*~tactically~*~*~ (hiding).
  9640 | D:8      | 9640 ||| INVOKING Heroism.
  9664 | D:8      | 9664 ||| INVOKING Heroism.
  9994 | D:8      | Found a staircase to the Lair.
  9996 | D:8      | 9996 ||| INVOKING Heroism.
 10090 | D:8      | 10090 ||| PLANNING LAIR
 10090 | D:8      | 10090 ||| READING 3 scrolls of identify.
 10090 | D:8      | 10090 ||| IDENTIFYING sedimented yellow potion
 10091 | D:8      | 10091 ||| DROPPING potion of brilliance.
 10139 | Lair:1   | Entered Level 1 of the Lair of Beasts
 10144 | Lair:1   | 10144 ||| INVOKING Heroism.
 10145 | Lair:1   | 10145 ||| Stepping ~*~*~tactically~*~*~ (water).
 10161 | Lair:1   | Noticed Grum
 10164 | Lair:1   | 10164 ||| INVOKING Heroism.
 10168 | Lair:1   | Reached skill level 10 in Axes
 10181 | Lair:1   | Killed Grum
 10227 | Lair:1   | 10227 ||| Stepping ~*~*~tactically~*~*~ (stealth).
 10470 | Lair:1   | 10470 ||| INVOKING Heroism.
 10618 | Lair:1   | 10618 ||| INVOKING Heroism.
 10636 | Lair:1   | Reached **** piety under Okawaru
 10636 | Lair:1   | Received a gift from Okawaru
 10637 | Lair:1   | Reached XP level 11. HP: 27/68 MP: 14/14
 10712 | Lair:1   | 10712 ||| INVOKING Heroism.
 10840 | Lair:1   | Found a dark tunnel.
 11240 | Lair:1   | 11240 ||| Stepping ~*~*~tactically~*~*~ (stealth).
 11243 | Lair:1   | 11243 ||| Stepping ~*~*~tactically~*~*~ (stealth).
 11250 | Lair:1   | 11250 ||| INVOKING Heroism.
 11258 | Lair:1   | Reached skill level 1 in Throwing
 11443 | Lair:1   | 11443 ||| Stepping ~*~*~tactically~*~*~ (hiding).
 11490 | Lair:1   | 11490 ||| INVOKING Heroism.
 11499 | Lair:1   | Reached skill level 6 in Invocations
 11634 | Lair:1   | 11634 ||| INVOKING Heroism.
 11789 | Lair:1   | 11789 ||| DROPPING amulet of faith.
 11790 | Lair:1   | 11790 ||| READING scroll labelled HIGIGA VESUNAZ.
 11827 | Lair:2   | 11827 ||| PLANNING GAUNTLET
 11846 | Lair:2   | Found a gate leading to a gauntlet.
 11851 | Gauntlet | Entered a Gauntlet
 11851 | Gauntlet | Found a transporter.
 11851 | Gauntlet | Found a transporter.
 11855 | Gauntlet | Found a transporter.
 11855 | Gauntlet | Found a transporter.
 11857 | Gauntlet | Found a large runed translucent door.
 11858 | Gauntlet | Found a large runed translucent door.
 11859 | Gauntlet | Found a large runed translucent door.
 11859 | Gauntlet | Found a large runed translucent door.
 11859 | Gauntlet | Found a runed translucent door.
 11859 | Gauntlet | Found a runed translucent door.
 11860 | Gauntlet | Found a large runed translucent door.
 11860 | Gauntlet | Found a large runed translucent door.
 11860 | Gauntlet | Found a large runed translucent door.
 11860 | Gauntlet | Found a large runed translucent door.
 11861 | Gauntlet | Found a large runed translucent door.
 11861 | Gauntlet | Found a large runed translucent door.
 11862 | Gauntlet | Found a large runed translucent door.
 11862 | Gauntlet | Found a large runed translucent door.
 11863 | Gauntlet | Found a runed translucent gate.
 11863 | Gauntlet | Found a runed translucent gate.
 11863 | Gauntlet | Found a runed translucent gate.
 11865 | Gauntlet | Found a transporter.
 11865 | Gauntlet | Noticed a wizard
 11865 | Gauntlet | Noticed a wizard
 11873 | Gauntlet | Found a transporter.
 11875 | Gauntlet | Found a transporter.
 11875 | Gauntlet | Found a transporter.
 11879 | Gauntlet | Found a transporter.
 11894 | Gauntlet | a spriggan changed into a harpy
 11894 | Gauntlet | Noticed a harpy (glowing shapeshifter)
 11897 | Gauntlet | a harpy changed into a spriggan
 11906 | Gauntlet | a guardian serpent changed into a death drake
 11906 | Gauntlet | Noticed a death drake (glowing shapeshifter)
 11908 | Gauntlet | a death drake changed into a shining eye
 11908 | Gauntlet | Noticed a shining eye (glowing shapeshifter)
 11911 | Gauntlet | a shining eye changed into a deep troll
 11911 | Gauntlet | Noticed a deep troll (glowing shapeshifter)
 11915 | Gauntlet | a deep troll changed into an elephant
 11916 | Gauntlet | Found a large runed translucent door.
 11916 | Gauntlet | an elephant changed into a fire crab
 11916 | Gauntlet | Noticed a fire crab (glowing shapeshifter)
 11917 | Gauntlet | Found a large runed translucent door.
 11917 | Gauntlet | a fire crab changed into an entropy weaver
 11917 | Gauntlet | Noticed an entropy weaver (glowing shapeshifter)
 11919 | Gauntlet | Found a transporter.
 11921 | Gauntlet | Noticed a four-headed hydra
 11925 | Gauntlet | Noticed a harpy
 11946 | Gauntlet | Noticed a catoblepas
 11954 | Gauntlet | Found a large runed translucent door.
 11955 | Gauntlet | Found a transporter.
 11955 | Gauntlet | Found a large runed translucent door.
 11997 | Gauntlet | Found a transporter.
 12013 | Gauntlet | Found a transporter.
 12102 | Gauntlet | Found a transporter.
 12112 | Gauntlet | Found a transporter.
 12118 | Gauntlet | Noticed a moth of wrath
 12130 | Gauntlet | Found a transporter.
 12142 | Gauntlet | a redback changed into a salamander
 12142 | Gauntlet | Noticed a salamander (glowing shapeshifter)
 12143 | Gauntlet | a salamander changed into a cyclops
 12143 | Gauntlet | Noticed a cyclops (glowing shapeshifter)
 12148 | Gauntlet | a cyclops changed into a glowing shapeshifter
 12148 | Gauntlet | Noticed a glowing shapeshifter (glowing shapeshifter)
 12149 | Gauntlet | a glowing shapeshifter changed into a two-headed ogre
 12149 | Gauntlet | Noticed a two-headed ogre (glowing shapeshifter)
 12216 | Gauntlet | 12216 ||| Stepping randomly (stuck).
 12221 | Gauntlet | 12221 ||| INVOKING Heroism.
 12237 | Gauntlet | Reached ***** piety under Okawaru
 12312 | Gauntlet | 12312 ||| DROPPING amulet of magic regeneration.
 12330 | Gauntlet | 12330 ||| INVOKING Heroism.
 12347 | Gauntlet | 12347 ||| SWAPPING to +0 morningstar.
 12348 | Gauntlet | 12348 ||| INVOKING Finesse.
 12350 | Gauntlet | 12350 ||| INVOKING Heroism.
 12360 | Gauntlet | Killed a four-headed hydra
 12361 | Gauntlet | Reached skill level 3 in Throwing
 12361 | Gauntlet | 12361 ||| SWAPPING to +1 war axe.
 12404 | Gauntlet | 12404 ||| UPGRADING to +1 hat of willpower.
 12495 | Gauntlet | a polar bear changed into an entropy weaver
 12495 | Gauntlet | Noticed an entropy weaver (shapeshifter)
 12497 | Gauntlet | Identified the amulet of Diupoxtojo {RegenMP Dex+4}
 12500 | Gauntlet | 12500 ||| DROPPING amulet of Diupoxtojo {RegenMP Dex+4}.
 12501 | Gauntlet | 12501 ||| READING 3 scrolls of identify.
 12501 | Gauntlet | 12501 ||| IDENTIFYING cyan potion
 12523 | Gauntlet | Identified the +8 broad axe of the Battered Curses {flame,
                  | rElec}
 12523 | Gauntlet | Noticed a minotaur
 12525 | Gauntlet | 12525 ||| INVOKING Heroism.
 12526 | Gauntlet | 12526 ||| INVOKING Finesse.
 12540 | Gauntlet | HP: 17/68 [minotaur/the +8 broad axe of the Battered Curses
                  | {flame, rElec} (5)]
 12542 | Gauntlet | HP: 6/68 [minotaur/the +8 broad axe of the Battered Curses
                  | {flame, rElec} (3)]
 12545 | Gauntlet | Headbutted by a minotaur

Levels and vault maps discovered:
D:1:      giann_forest_graveyard, layout_loops_ring,
          shapermc_ecumenical_altar_notcrosses, minmay_tromino_i2
D:2:      layout_basic, basic_altar, grunt_decor_mini_mirrors,
          kennysheep_doodads
D:3:      gammafunk_steamed_eel, layout_loops_corners, minmay_puff, uniq_terence
D:4:      layout_rooms, serial_shops, nicolae_shop_window_shopping
D:5:      layout_loops_cross, slow_altar_1, grunt_temple_overflow_bloody_war,
          minmay_temple_entry_tees, lightli_ossuary_entry_decrepit_ruins,
          serial_shops, nicolae_shop_window_shopping, shop, nicolae_wormholes
D:6:      layout_gridville, uniq_prince_ribbit1
D:7:      layout_gridville, gammafunk_ghost_grave, uniq_joseph, uniq_pikel
D:8:      layout_cave_pools, david_lair_shrubbed
Temple:   hellmonk_temple_divided_pantheon
Lair:1:   layout_cave_pods, nicolae_volcano_entry_lava_flow, grunt_megastairs_2,
          infiniplex_staircase_pool_2, uniq_grum
Lair:2:   layout_layer_cave, hellmonk_spider_entry_not_the_bees,
          gauntlet_entry_generic, grunt_megastairs_4
Gauntlet: gammafunk_gauntlet_branching [gammafunk_gauntlet_arena_split_x,
          gammafunk_gauntlet_arena_corners,
          gammafunk_gauntlet_arena_arrow_garden,
          gammafunk_gauntlet_arena_hedges,
          minmay_gauntlet_arena_make_your_own_arena,
          gammafunk_gauntlet_arena_teeth, nicolae_gauntlet_arena_quarters,
          gammafunk_gauntlet_arena_open, gauntlet_exit_watery]

Skill      XL: |  1  2  3  4  5  6  7  8  9 10 11 |
---------------+----------------------------------+-----
Axes           | 2 3 4 5 6 7 9 10 | 10.6
Fighting       | 4 5 6 8 |  8.0
Dodging        | 1 |  1.4
Armour         | 4 5 7 |  7.4
Invocations    | 4 7 |  7.4
Shields        | 7 9 |  9.0
Throwing       | 3 |  3.3

Action                   |  1- 3 |  4- 6 |  7- 9 | 10-12 || total
-------------------------+-------+-------+-------+-------++-------
Melee: War axe           |   116 |   162 |   340 |   399 ||  1017
       Morningstar       |       |       |       |    11 ||    11
Throw: Javelin           |       |       |       |    12 ||    12
       Boomerang         |       |       |       |     1 ||     1
Invok: Heroism           |       |       |     8 |    20 ||    28
       Finesse           |       |       |       |     2 ||     2
  Use: Scroll            |     5 |     6 |     4 |     3 ||    18
       Potion            |     3 |     3 |       |     2 ||     8
Armor: Scale mail        |    56 |    63 |       |       ||   119
       Chain mail        |       |    26 |   151 |       ||   177
       Skin              |       |     1 |       |       ||     1
       Plate armour      |       |       |    45 |   154 ||   199
Dodge: Dodged            |    57 |    65 |    90 |    78 ||   290
Block: Buckler           |    17 |    38 |    53 |       ||   108
       Kite shield       |       |       |    54 |   331 ||   385
       Reflection        |       |       |       |     1 ||     1

Table legend:
 A = Non-vault XP
 B = Vault XP
 C = Vault XP percentage of total XP
 D = Non-vault monster count
 E = Vault monster count
 F = Vault count percentage of total count
                 A         B        C        D         E       F
            +---------+---------+-------+---------+---------+-------
      Total |   10548 |    5205 |  33.0 |     234 |      32 |  12.0
            +---------+---------+-------+---------+---------+-------
        D:1 |      69 |       3 |   4.2 |      38 |       2 |   5.0
        D:2 |      90 |       0 |   0.0 |      22 |       0 |   0.0
        D:3 |     344 |      40 |  10.4 |      29 |       2 |   6.5
        D:4 |     452 |       0 |   0.0 |      31 |       0 |   0.0
        D:5 |     494 |      46 |   8.5 |      17 |       5 |  22.7
        D:6 |    1124 |     274 |  19.6 |      19 |       1 |   5.0
        D:7 |    1444 |    1180 |  45.0 |      24 |       3 |  11.1
        D:8 |    1497 |     332 |  18.2 |      27 |       3 |  10.0
     Lair:1 |    5034 |     785 |  13.5 |      27 |       6 |  18.2
   Gauntlet |       0 |    2545 | 100.0 |       0 |      10 | 100.0
            +---------+---------+-------+---------+---------+-------
